[Event "ICC tourney 2500 (45 10)"]
[Site "Internet Chess Club"]
[Date "2021.04.10"]
[Round "3"]
[White "Jang, Jia-Syuan Eric:tricksterssbu"]
[Black "WANG, TED:tedwpnw"]
[Result "0-1"]
[ICCResult "White checkmated"]
[WhiteElo "1594"]
[BlackElo "1482"]
[Opening "Sicilian: Sveshnikov variation"]
[ECO "B33"]
[NIC "SI.38"]
[Time "16:01:34"]
[PlyCount "86"]
[TimeControl "2700+10"]

1. e4 c5 2. Nf3 Nc6 3. d4 cxd4 4. Nxd4 Nf6 5. Nc3 e5 6. Ndb5 d6 7. Bg5 a6
8. Na3 b5 9. Bxf6 gxf6 10. Nd5 f5 11. f3 fxe4 12. Qe2 Qa5+ 13. c3 exf3 14.
Nf6+ Kd8 15. Qxf3 Bb7 16. Bd3 b4 17. Nc4 Qc7 18. Nd5 Ne7 19. Nxc7 Bxf3 20.
Nxa8 Bxg2 21. Rg1 Bxa8 22. Nxd6 Bd5 23. c4 Be6 24. O-O-O Bh6+ 25. Kc2 Nc6
26. Rgf1 Ke7 27. Nf5+ Bxf5 28. Bxf5 Nd4+ 29. Kb1 Rg8 30. Bxh7 Rg2 31. Be4
Re2 32. Bf3 Re3 33. c5 Rxf3 34. Rxf3 Nxf3 35. c6 Nd4 36. c7 Kd7 37. Rf1 f5
38. Re1 Nf3 39. Rd1+ Kxc7 40. Kc2 Nd4+ 41. Kd3 Kd6 42. Rg1 Kd5 43. Rg6 e4#
{ White checkmated } 0-1

[Event "ICC tourney 2500 (45 10)"]
[Site "Internet Chess Club"]
[Date "2021.04.10"]
[Round "3"]
[White "LIAO, CONNOR:che2468"]
[Black "MOSS, MARVIN:mmoss2932"]
[Result "0-1"]
[ICCResult "White checkmated"]
[WhiteElo "1488"]
[BlackElo "1688"]
[Opening "Queen's pawn: Chigorin variation"]
[ECO "D00"]
[NIC "QP.08"]
[Time "16:01:47"]
[PlyCount "166"]
[TimeControl "2700+10"]

1. d4 d5 2. Nc3 Nf6 3. Bf4 c6 4. e3 Qb6 5. Na4 Qa5+ 6. c3 e6 7. Nf3 Nbd7 8.
Qc2 b5 9. Nc5 Nxc5 10. dxc5 Bxc5 11. b4 Bxb4 12. cxb4 Qxb4+ 13. Nd2 Ne4 14.
Bd3 Qxd2+ 15. Qxd2 Nxd2 16. Kxd2 c5 17. Rhc1 c4 18. Be2 O-O 19. Rab1 Bd7
20. Kc3 a5 21. Bd6 b4+ 22. Kd2 Rfd8 23. Bc7 Rdc8 24. Bb6 Rcb8 25. Bc7 Rb7
26. Bd6 Rc8 27. Ke1 Rb6 28. Be7 f6 29. a3 Kf7 30. axb4 Kxe7 31. bxa5 Rxb1
32. Rxb1 Ra8 33. Ra1 Bb5 34. Kd2 Kd6 35. Kc3 Kc5 36. f4 e5 37. Bf3 Ra7 38.
Rd1 e4 39. Bg4 Rxa5 40. Be6 Bc6 41. Kb2 Rb5+ 42. Kc2 Rb3 43. Re1 Rd3 44.
Bc8 Ba4+ 45. Kc1 Kb4 46. Ba6 Bb5 47. Bxb5 Kxb5 48. Kc2 Kc6 49. g4 Ra3 50.
Kb2 Rb3+ 51. Kc2 Kc5 52. h4 d4 53. exd4+ Kxd4 54. f5 Rg3 55. g5 Rg2+ 56.
Kd1 fxg5 57. h5 Rh2 58. Rf1 Rxh5 59. f6 gxf6 60. Rxf6 Kd3 61. Rd6+ Kc3 62.
Ke2 Rh3 63. Rd8 h5 64. Rg8 g4 65. Ra8 h4 66. Rg8 Rg3 67. Kf2 e3+ 68. Ke2 h3
69. Rh8 Kc2 70. Rh7 c3 71. Rh8 Kc1 72. Kd3 c2 73. Rh7 Kd1 74. Rf7 e2+ 75.
Kd4 e1=Q 76. Kc4 Qe6+ 77. Kb4 Qxf7 78. Kc5 Rd3 79. Kc6 Qd7+ 80. Kb6 Rb3+
81. Kc5 Rb5+ 82. Kc4 Qd5+ 83. Kc3 Rb3# { White checkmated } 0-1

[Event "ICC tourney 2500 (45 10)"]
[Site "Internet Chess Club"]
[Date "2021.04.10"]
[Round "3"]
[White "PU, LANDON:landonp"]
[Black "CHENG, ERIC:EricCheng-131"]
[Result "1-0"]
[ICCResult "Black resigns"]
[WhiteElo "1480"]
[BlackElo "1383"]
[Opening "Ruy Lopez: closed, Flohr-Zaitsev system (Lenzerheide variation)"]
[ECO "C90"]
[NIC "RL.26"]
[Time "16:01:40"]
[PlyCount "101"]
[TimeControl "2700+10"]

1. e4 e5 2. Nf3 Nc6 3. Bb5 a6 4. Ba4 Nf6 5. O-O Be7 6. Re1 b5 7. Bb3 d6 8.
c3 Bb7 9. h3 O-O 10. d4 Qd7 11. Nbd2 a5 12. Nf1 a4 13. Bc2 Rab8 14. Ng3 g6
15. Bh6 Rfe8 16. Qd2 Na5 17. b3 a3 18. dxe5 dxe5 19. Nxe5 Qxd2 20. Bxd2
Rbd8 21. Bh6 b4 22. c4 Bf8 23. Bxf8 Kxf8 24. Nf3 Nc6 25. Rad1 Rxd1 26. Rxd1
Ne5 27. Nxe5 Rxe5 28. f4 Re8 29. e5 Ng8 30. Rd7 Re7 31. Rxe7 Kxe7 32. Be4
Bxe4 33. Nxe4 Kd7 34. Nc5+ Kc6 35. Na6 Ne7 36. Nxb4+ Kc5 37. Nc2 Nf5 38.
Nxa3 Kb4 39. Nc2+ Kc3 40. Ne1 Nd4 41. Nf3 Nc2 42. Ng5 Kb4 43. Nxf7 Nd4 44.
Nd8 Ka3 45. e6 Nf5 46. g4 Ne7 47. c5 Kxa2 48. b4 Kb3 49. b5 Kc4 50. b6 Kxc5
51. b7 { Black resigns } 1-0

[Event "ICC tourney 2500 (45 10)"]
[Site "Internet Chess Club"]
[Date "2021.04.10"]
[Round "3"]
[White "PRICE, JOSH JAMES:PvzGuy13"]
[Black "WANG, YUANZHE:yogokings12"]
[Result "1/2-1/2"]
[ICCResult "Game drawn by mutual agreement"]
[WhiteElo "1695"]
[BlackElo "1592"]
[Opening "Grünfeld: exchange variation"]
[ECO "D85"]
[NIC "GI.03"]
[Time "16:01:38"]
[PlyCount "58"]
[TimeControl "2700+10"]

1. d4 Nf6 2. c4 g6 3. Nc3 d5 4. cxd5 Nxd5 5. Bd2 Nb6 6. Nf3 Bg7 7. e4 Nc6
8. Be3 O-O 9. d5 Ne5 10. Nxe5 Bxe5 11. Be2 e6 12. O-O exd5 13. exd5 Bg7 14.
Bf3 Nc4 15. Qb3 Nxe3 16. fxe3 Rb8 17. Rac1 a6 18. Ne2 Bd7 19. Qc2 c6 20.
dxc6 Bxc6 21. Bxc6 bxc6 22. b3 Qb6 23. Qc5 Rfe8 24. Qxb6 Rxb6 25. Kf2 Rd8
26. Rc2 Kf8 27. Rfc1 Rd6 28. Nc3 Bxc3 29. Rxc3 Rd2+ { Game drawn by mutual
agreement } 1/2-1/2

[Event "ICC tourney 2500 (45 10)"]
[Site "Internet Chess Club"]
[Date "2021.04.10"]
[Round "3"]
[White "WU, JONATHAN ZUANXU:wulovechess"]
[Black "BULLEIGH, ADAM LEE:AlekhinesGunn"]
[Result "0-1"]
[ICCResult "White resigns"]
[WhiteElo "1511"]
[BlackElo "1734"]
[Opening "Sicilian: Najdorf, Opocensky variation"]
[ECO "B92"]
[NIC "SI.11"]
[Time "16:02:11"]
[PlyCount "80"]
[TimeControl "2700+10"]

1. e4 c5 2. Nf3 d6 3. d4 cxd4 4. Nxd4 Nf6 5. Nc3 a6 6. Be2 e5 7. Nb3 Be7 8.
Be3 Be6 9. Qd2 Nbd7 10. Nd5 O-O 11. Nxe7+ Qxe7 12. Qb4 b5 13. O-O-O Rfc8
14. Bg5 h6 15. Bh4 g5 16. Bg3 Nc5 17. Nxc5 Rxc5 18. f4 Qc7 19. Bd3 gxf4 20.
Bf2 Bg4 21. Bxc5 dxc5 22. Qd2 Bxd1 23. Rxd1 Rd8 24. Qf2 c4 25. Be2 Nxe4 26.
Qh4 Rxd1+ 27. Bxd1 Kh7 28. Bg4 Qc5 29. Qe1 Nf6 30. Bf5+ Kg7 31. a3 h5 32.
g3 f3 33. Qd2 Qg1+ 34. Qd1 f2 35. Bh3 e4 36. Qf1 Ng4 37. Kd2 e3+ 38. Kc3
Nxh2 39. Qg2 Qxg2 40. Bxg2 e2 { White resigns } 0-1

[Event "ICC tourney 2500 (45 10)"]
[Site "Internet Chess Club"]
[Date "2021.04.10"]
[Round "3"]
[White "JIN, DAVID:smartgoldfish"]
[Black "Badrinarayanan, Shashank:Shashankb05"]
[Result "0-1"]
[ICCResult "White checkmated"]
[WhiteElo "1330"]
[BlackElo "1743"]
[Opening "Scotch gambit: Dubois-Réti defense"]
[ECO "C55"]
[NIC "KP.02"]
[Time "16:01:34"]
[PlyCount "118"]
[TimeControl "2700+10"]

1. e4 e5 2. Nf3 Nc6 3. d4 exd4 4. Bc4 Nf6 5. e5 d5 6. Bb5 Ne4 7. Nxd4 Bd7
8. Bxc6 Bxc6 9. O-O Be7 10. e6 O-O 11. exf7+ Rxf7 12. Ne6 Qc8 13. Nf4 Bc5
14. Be3 Bxe3 15. fxe3 Qd7 16. Nd2 Nc5 17. Qe2 a6 18. b3 Re8 19. Qf2 d4 20.
exd4 Ne4 21. Qe3 Nxd2 22. Qxd2 Qg4 23. d5 Bd7 24. Kh1 Ref8 25. h3 Qg5 26.
Qb4 Rxf4 27. Rxf4 Qxf4 28. Qxb7 Qd6 29. c4 Qe5 30. Rg1 Bxh3 31. d6 Bc8 32.
Qd5+ Qxd5 33. cxd5 cxd6 34. Rc1 Bb7 35. Rd1 Rf5 36. Re1 Kf7 37. Rc1 Kf6 38.
Rc7 Bxd5 39. Ra7 Rh5+ 40. Kg1 Rg5 41. Rxa6 Rxg2+ 42. Kf1 Ke6 43. Ra5 Rb2
44. Ke1 g5 45. Kd1 h5 46. Ra7 Rxa2 47. Rxa2 Bxb3+ 48. Ke2 Bxa2 49. Kf3 Kf5
50. Kg2 Kf4 51. Kh2 Kf3 52. Kg1 d5 53. Kh2 d4 54. Kg1 d3 55. Kh2 d2 56. Kh3
d1=Q 57. Kh2 Qd6+ 58. Kg1 Qg3+ 59. Kf1 Qf2# { White checkmated } 0-1

[Event "ICC tourney 2500 (45 10)"]
[Site "Internet Chess Club"]
[Date "2021.04.10"]
[Round "3"]
[White "WU, WENTAO:Threehundreds"]
[Black "KONG, MILO JAMES:therealkingkong"]
[Result "1/2-1/2"]
[ICCResult "Black stalemated"]
[WhiteElo "1467"]
[BlackElo "1589"]
[Opening "French defense"]
[ECO "C01"]
[NIC "FR.01"]
[Time "16:01:48"]
[PlyCount "131"]
[TimeControl "2700+10"]

1. e4 e6 2. d4 b6 3. Nd2 Bb7 4. Bd3 Nf6 5. c3 d5 6. e5 Nfd7 7. Ndf3 c5 8.
Ne2 Be7 9. O-O O-O 10. a3 Nc6 11. Bc2 f5 12. Nf4 Qc8 13. Nxe6 Rf7 14. Nfg5
Bxg5 15. Nxg5 Rf8 16. Qh5 h6 17. Ne6 Rf7 18. Bxf5 Ne7 19. Bh3 Ba6 20. Re1
Bd3 21. dxc5 bxc5 22. Nf4 g6 23. Qd1 Bf5 24. e6 Rf8 25. Bxf5 Rxf5 26. exd7
Qxd7 27. Qe2 Kf7 28. Qe6+ Qxe6 29. Nxe6 c4 30. h3 Rh8 31. Nd4 Rf6 32. Bd2
Nc6 33. Nxc6 Rxc6 34. Re2 Re6 35. Rxe6 Kxe6 36. Re1+ Kd7 37. f3 g5 38. Kf2
Kd6 39. Be3 a6 40. Bd4 Rg8 41. Kg3 h5 42. Re5 Kc6 43. Re6+ Kb5 44. Rb6+ Ka5
45. Rb4 Rg6 46. Be5 Rc6 47. h4 gxh4+ 48. Kxh4 Rc8 49. Kxh5 Rc6 50. g4 Rc8
51. g5 Rc6 52. g6 Rc8 53. g7 d4 54. Bxd4 Rc5+ 55. Kg4 Rg5+ 56. Kh3 Rg3+ 57.
Kh4 Rg4+ 58. Kh5 Rg5+ 59. Kh6 Rg6+ 60. Kh7 Rxg7+ 61. Kh8 Rg8+ 62. Kh7 Rg7+
63. Kh6 Rg6+ 64. Kh5 Rg5+ 65. Kh4 Rg4+ 66. fxg4 { Black stalemated }
1/2-1/2

[Event "ICC tourney 2500 (45 10)"]
[Site "Internet Chess Club"]
[Date "2021.04.10"]
[Round "3"]
[White "NGUYEN, THOMAS:tn285"]
[Black "DURANKO, GARY:gduranko"]
[Result "1-0"]
[ICCResult "Black resigns"]
[WhiteElo "1582"]
[BlackElo "1412"]
[Opening "Sicilian: dragon, classical, Alekhine variation"]
[ECO "B74"]
[NIC "SI.33"]
[Time "16:01:40"]
[PlyCount "45"]
[TimeControl "2700+10"]

1. e4 c5 2. Nf3 g6 3. d4 cxd4 4. Nxd4 Nc6 5. Nc3 Bg7 6. Be3 Nf6 7. Nb3 O-O
8. Be2 d6 9. O-O a5 10. a4 Nb4 11. f4 Qc7 12. Bf3 Be6 13. Nd4 Bc4 14. Rf2
d5 15. e5 Nd7 16. Ndb5 Bxb5 17. Nxb5 Qc6 18. c3 Na6 19. Qxd5 Qxd5 20. Bxd5
Nac5 21. Rd1 Rfd8 22. Rfd2 Rab8 23. Bf3 { Black resigns } 1-0

[Event "ICC tourney 2500 (45 10)"]
[Site "Internet Chess Club"]
[Date "2021.04.10"]
[Round "3"]
[White "SULTAN, BASHIR Cisse:muzikmixer"]
[Black "ZHANG, SUNNY:AboardBuffalo"]
[Result "1-0"]
[ICCResult "Black resigns"]
[WhiteElo "1526"]
[BlackElo "1669"]
[Opening "English: Anglo-Grünfeld defense"]
[ECO "A16"]
[NIC "EO.64"]
[Time "16:01:53"]
[PlyCount "101"]
[TimeControl "2700+10"]

1. c4 Nf6 2. Nc3 d5 3. cxd5 Nxd5 4. e4 Nxc3 5. dxc3 Qxd1+ 6. Kxd1 g6 7. a4
Bg7 8. Bc4 O-O 9. Kc2 c5 10. Be3 Nd7 11. Nf3 e6 12. a5 b6 13. Rhd1 bxa5 14.
Rxa5 Nb6 15. Ba6 Bxa6 16. Rxa6 Rfc8 17. Rda1 Nc4 18. Bc1 Ne5 19. Rxa7 Rxa7
20. Rxa7 Nxf3 21. gxf3 f5 22. Be3 Be5 23. h3 f4 24. Bd2 Bb8 25. Ra8 e5 26.
c4 Rf8 27. Ba5 Bd6 28. Rxf8+ Kxf8 29. Kc3 Ke7 30. b4 Kf6 31. Bd8+ Ke6 32.
b5 Kd7 33. Bb6 Kc8 34. Kb3 Kb7 35. Bd8 Kc8 36. Bf6 Kb7 37. Ka4 Bc7 38. Be7
Kb6 39. Kb3 Bb8 40. Bd8+ Kb7 41. Ka4 Bd6 42. Ka5 Kc8 43. Bf6 Kb7 44. b6 h6
45. Kb5 h5 46. Bd8 Bf8 47. Bc7 Be7 48. Bxe5 Bh4 49. Kxc5 Bxf2+ 50. Kd5 Kxb6
51. Bd4+ { Black resigns } 1-0

[Event "ICC tourney 2500 (45 10)"]
[Site "Internet Chess Club"]
[Date "2021.04.10"]
[Round "3"]
[White "XIONG, LANG:langlglang"]
[Black "FURMAN, MIKHAIL:mfurm"]
[Result "1-0"]
[ICCResult "Black checkmated"]
[WhiteElo "1644"]
[BlackElo "1897"]
[Opening "Trompowsky attack (Ruth, Opocenský opening)"]
[ECO "A45"]
[NIC "QP.07"]
[Time "16:01:31"]
[PlyCount "45"]
[TimeControl "2700+10"]

1. d4 Nf6 2. Bg5 d5 3. Bxf6 gxf6 4. e3 e5 5. c4 dxc4 6. Bxc4 Nd7 7. Nc3 Nb6
8. Bb3 Bd6 9. a3 exd4 10. Qxd4 Qe7 11. Nf3 Rg8 12. g3 Rg4 13. Qd3 Bd7 14.
Nd5 Nxd5 15. Bxd5 c6 16. Bb3 Bc5 17. Qxh7 O-O-O 18. O-O-O Be6 19. Bxe6+
Qxe6 20. Rxd8+ Kxd8 21. Qd3+ Kc7 22. Rd1 Re4 23. Qd8# { Black checkmated }
1-0

[Event "ICC tourney 2500 (45 10)"]
[Site "Internet Chess Club"]
[Date "2021.04.10"]
[Round "3"]
[White "VISHWA, SUSHEEL:sushivishwa"]
[Black "TIONG, RACHAEL:rachael1120"]
[Result "1-0"]
[ICCResult "Black resigns"]
[WhiteElo "1738"]
[BlackElo "1631"]
[Opening "Sicilian: closed"]
[ECO "B23"]
[NIC "SI.44"]
[Time "16:01:33"]
[PlyCount "73"]
[TimeControl "2700+10"]

1. e4 c5 2. Nc3 g6 3. f4 Bg7 4. Nf3 d6 5. Bc4 Nf6 6. d3 Nc6 7. O-O O-O 8.
Bb3 a6 9. Ne2 Na5 10. c3 Nxb3 11. axb3 Bd7 12. h3 Bc6 13. g4 Qc7 14. Ng3
Nd7 15. Be3 d5 16. e5 e6 17. d4 Bb5 18. Rf2 c4 19. f5 cxb3 20. Ng5 exf5 21.
gxf5 Nb6 22. Bf4 Qc6 23. Kh2 h6 24. Nf3 Kh7 25. f6 Bh8 26. Qd2 Nc4 27. Qc1
h5 28. Rg2 Bxf6 29. exf6 Qxf6 30. Ng5+ Kh8 31. Rf2 Qe7 32. Qd1 f6 33. Nf3
Nxb2 34. Rxb2 h4 35. Nxh4 Kg7 36. Nhf5+ gxf5 37. Nxf5+ { Black resigns }
1-0

[Event "ICC tourney 2500 (45 10)"]
[Site "Internet Chess Club"]
[Date "2021.04.10"]
[Round "3"]
[White "HEBBAR, ESHAAN:solveur"]
[Black "WANG, JESSICA:crazyhorse9"]
[Result "0-1"]
[ICCResult "White resigns"]
[WhiteElo "1680"]
[BlackElo "1529"]
[Opening "Saragossa opening"]
[ECO "A00"]
[NIC "VO.12"]
[Time "16:01:37"]
[PlyCount "92"]
[TimeControl "2700+10"]

1. c3 Nf6 2. d4 g6 3. g3 Bg7 4. Bg2 d5 5. Nf3 c6 6. O-O O-O 7. Nbd2 Nbd7 8.
Ne1 e5 9. e3 Re8 10. Nc2 Qc7 11. b4 Ne4 12. Nxe4 dxe4 13. Bb2 Nb6 14. Na3
f5 15. c4 Be6 16. Qe2 Na4 17. Rac1 Nxb2 18. Qxb2 Rad8 19. d5 Bf7 20. Rfd1
Rd6 21. b5 Qd7 22. Bf1 cxd5 23. c5 Rf6 24. c6 Qc7 25. Rb1 bxc6 26. bxc6
Rxc6 27. Bb5 Rb6 28. Bxe8 Rxb2 29. Bxf7+ Qxf7 30. Rxb2 h6 31. Rb8+ Kh7 32.
Rdb1 Qc7 33. R8b7 Qc5 34. Nb5 d4 35. Nc7 Qc6 36. Rxa7 d3 37. Rab7 d2 38.
Kg2 d1=Q 39. Rxd1 Qxb7 40. Ne6 Qe7 41. Nd8 h5 42. Nc6 Qe8 43. Rc1 f4 44. a4
f3+ 45. Kf1 Qd7 46. Ke1 Qd3 { White resigns } 0-1

[Event "ICC tourney 2500 (45 10)"]
[Site "Internet Chess Club"]
[Date "2021.04.10"]
[Round "3"]
[White "TANG, VINCENT:VincentT2008"]
[Black "JOHNSTON, DAVID T:waylander11"]
[Result "1/2-1/2"]
[ICCResult "Game drawn by mutual agreement"]
[WhiteElo "1744"]
[BlackElo "1661"]
[Opening "Dutch defense, Rubinstein variation"]
[ECO "A96"]
[NIC "HD.10"]
[Time "16:01:35"]
[PlyCount "91"]
[TimeControl "2700+10"]

1. d4 f5 2. c4 e6 3. Nc3 Nf6 4. g3 Be7 5. Bg2 O-O 6. Nf3 d6 7. O-O Ne4 8.
Qc2 Nxc3 9. Qxc3 Nc6 10. b3 Bf6 11. Bb2 a5 12. a3 Qe8 13. b4 e5 14. e3 f4
15. b5 exd4 16. exd4 Ne7 17. Rfe1 Qh5 18. Nd2 Nf5 19. Qd3 fxg3 20. hxg3 Nh6
21. f3 Bf5 22. Ne4 Qg6 23. Bc1 Qxg3 24. Bxh6 gxh6 25. Qd2 Qg7 26. Rad1 h5
27. b6 Bxe4 28. Rxe4 cxb6 29. Kh1 Rae8 30. Rde1 Rxe4 31. Rxe4 Rc8 32. Qe3
Kf8 33. Qf4 Rd8 34. Qf5 Qg5 35. Qxh7 Re8 36. Qxb7 Rxe4 37. Qxe4 Qh4+ 38.
Qxh4 Bxh4 39. a4 Bg3 40. Bh3 Kg7 41. Kg2 h4 42. Bd7 Kf6 43. Bc6 Kg5 44. Kh3
Kf4 45. Kg2 Ke3 46. d5 { Game drawn by mutual agreement } 1/2-1/2

[Event "ICC tourney 2500 (45 10)"]
[Site "Internet Chess Club"]
[Date "2021.04.10"]
[Round "3"]
[White "RAMESH, ANIRUDH:anirudhramesh03"]
[Black "Patel, Arav:APBrain"]
[Result "1-0"]
[ICCResult "Black checkmated"]
[WhiteElo "1561"]
[BlackElo "1703"]
[Opening "Blackmar-Diemer: Euwe defense"]
[ECO "C10"]
[NIC "FR.04"]
[Time "16:01:29"]
[PlyCount "53"]
[TimeControl "2700+10"]

1. e4 e6 2. d4 d5 3. Nc3 dxe4 4. f3 exf3 5. Nxf3 Nf6 6. Bb5+ Bd7 7. Bc4 Bd6
8. Qe2 O-O 9. Bg5 h6 10. Bh4 Nc6 11. O-O-O Bf4+ 12. Kb1 g5 13. Bg3 Nh5 14.
Bf2 Bd6 15. h4 Nf4 16. Qd2 Na5 17. Bf1 f6 18. hxg5 hxg5 19. g3 Ng6 20. Be2
Kg7 21. Bd3 Be8 22. d5 e5 23. Ne4 b6 24. Nfxg5 fxg5 25. Nxg5 Bf7 26. Ne6+
Kf6 27. Qg5# { Black checkmated } 1-0

[Event "ICC tourney 2500 (45 10)"]
[Site "Internet Chess Club"]
[Date "2021.04.10"]
[Round "3"]
[White "Aravindakshan, Sahana:TigerSahi"]
[Black "GONG, JONATHAN YICHENG:Theutltl"]
[Result "1/2-1/2"]
[ICCResult "Game drawn by mutual agreement"]
[WhiteElo "1626"]
[BlackElo "1477"]
[Opening "Grünfeld: exchange, Spassky variation"]
[ECO "D87"]
[NIC "GI.05"]
[Time "16:01:36"]
[PlyCount "76"]
[TimeControl "2700+10"]

1. d4 Nf6 2. c4 g6 3. Nc3 d5 4. cxd5 Nxd5 5. e4 Nxc3 6. bxc3 Bg7 7. Bc4 O-O
8. Ne2 c5 9. Be3 Nc6 10. O-O a6 11. a4 cxd4 12. cxd4 Bd7 13. Rb1 Rb8 14.
Qc2 Na5 15. Bd3 b5 16. axb5 Bxb5 17. Bxb5 axb5 18. Qc5 Nc4 19. Bf4 Rc8 20.
Qa7 Na5 21. Rxb5 Nc6 22. Qa4 Nxd4 23. Nxd4 Qxd4 24. Qxd4 Bxd4 25. Rd1 Rfd8
26. Rbb1 e5 27. Bg5 Re8 28. Rbc1 Kg7 29. g3 Rxc1 30. Rxc1 Ra8 31. Re1 Ra1
32. Rxa1 Bxa1 33. Kg2 Bd4 34. Kf3 f5 35. exf5 gxf5 36. Be3 Bxe3 37. Kxe3
Kf6 38. Kf3 Kg5 { Game drawn by mutual agreement } 1/2-1/2

[Event "ICC tourney 2500 (45 10)"]
[Site "Internet Chess Club"]
[Date "2021.04.10"]
[Round "3"]
[White "YUAN, SERENA:doudou2011"]
[Black "Xia, Joshua:MathMonkey"]
[Result "1/2-1/2"]
[ICCResult "Game drawn by repetition"]
[WhiteElo "1493"]
[BlackElo "1411"]
[Opening "Neo-Grünfeld, 6.O-O"]
[ECO "D77"]
[NIC "GI.02"]
[Time "16:02:11"]
[PlyCount "125"]
[TimeControl "2700+10"]

1. d4 Nf6 2. Nf3 g6 3. g3 Bg7 4. Bg2 O-O 5. O-O d5 6. c4 c5 7. dxc5 dxc4 8.
Na3 Nbd7 9. c6 bxc6 10. Nxc4 Ba6 11. Nfe5 Rc8 12. Qa4 Bxc4 13. Nxc4 Qc7 14.
Na5 Nc5 15. Qa3 Nfe4 16. f3 Qb6 17. Nc4 Qb5 18. fxe4 Qxc4 19. Be3 Nxe4 20.
Bxe4 Qxe4 21. Rac1 Bxb2 22. Qxb2 Qxe3+ 23. Kh1 Qb6 24. Qe5 Qc7 25. Qe4 c5
26. Rc4 Qc6 27. Rfc1 Qxe4+ 28. Rxe4 Rc7 29. Rec4 Rfc8 30. Kg2 Kg7 31. Kf3
Kf6 32. Kf4 e5+ 33. Ke4 Ke6 34. Kd3 Kd5 35. e4+ Kd6 36. R1c3 Rd7 37. Kc2
Rdc7 38. g4 Re8 39. Rd3+ Kc6 40. a4 Rcc8 41. Rf3 Re7 42. Rf6+ Kb7 43. Kb3
Rc6 44. Rf3 Rd7 45. Kc2 f6 46. Rb3+ Ka8 47. Rbc3 Rdc7 48. h3 Kb8 49. Rb3+
Rb7 50. Rbc3 Kc8 51. Rxc5 Rxc5 52. Rxc5+ Rc7 53. Rxc7+ Kxc7 54. Kc3 Kc6 55.
Kc4 a5 56. h4 h6 57. h5 g5 58. Kd3 Kd6 59. Kc4 Kc6 60. Kd3 Kc5 61. Kc3 Kd6
62. Kc4 Kc6 63. Kd3 { Game drawn by repetition } 1/2-1/2

[Event "ICC tourney 2500 (45 10)"]
[Site "Internet Chess Club"]
[Date "2021.04.10"]
[Round "3"]
[White "POLYAKIN, VLADIMIR:IAlwaysWin"]
[Black "YU, ADRIAN:chessmonkey05"]
[Result "1/2-1/2"]
[ICCResult "Game drawn by mutual agreement"]
[WhiteElo "1879"]
[BlackElo "1617"]
[Opening "English opening"]
[ECO "A05"]
[NIC "QP.11"]
[Time "16:01:45"]
[PlyCount "107"]
[TimeControl "2700+10"]

1. Nf3 Nf6 2. c4 g6 3. g3 Bg7 4. Bg2 O-O 5. O-O c6 6. d3 d5 7. e3 Bg4 8. h3
Bxf3 9. Bxf3 Nbd7 10. cxd5 cxd5 11. d4 e5 12. Nc3 e4 13. Bg2 a6 14. Bd2 b5
15. Rc1 Nb6 16. b3 b4 17. Ne2 Qd6 18. Rc5 a5 19. Qc2 Rfc8 20. Rc1 Bf8 21.
h4 Nfd7 22. Rc6 Rxc6 23. Qxc6 Qxc6 24. Rxc6 Rc8 25. Rxc8 Nxc8 26. f3 f5 27.
fxe4 dxe4 28. Nf4 Nf6 29. Bf1 Bd6 30. Bc4+ Kf8 31. Kg2 Bxf4 32. gxf4 Nb6
33. Be2 Nbd5 34. Kf2 Kg7 35. Bc1 Kh6 36. a3 Nc3 37. axb4 axb4 38. Bd2 Nxe2
39. Kxe2 Nd5 40. Kf2 Kg7 41. Kg3 Kf6 42. Bc1 Nc3 43. Bd2 h5 44. Kf2 Nd5 45.
Ke2 Ke6 46. Kd1 Kd6 47. Kc2 Kc6 48. Bc1 Kb5 49. Bd2 Kb6 50. Kb2 Ka5 51. Kc2
Kb5 52. Kb2 Nf6 53. Kc2 Nd5 54. Kb2 { Game drawn by mutual agreement }
1/2-1/2

[Event "ICC tourney 2500 (45 10)"]
[Site "Internet Chess Club"]
[Date "2021.04.10"]
[Round "3"]
[White "SKARIAH, ANUSHKA ELIZABETH:kskariah"]
[Black "SLAGLE, JIM:Jim1108"]
[Result "1-0"]
[ICCResult "Black forfeits on time"]
[WhiteElo "1352"]
[BlackElo "1695"]
[Opening "French: advance, Paulsen attack"]
[ECO "C02"]
[NIC "FR.03"]
[Time "16:01:37"]
[PlyCount "119"]
[TimeControl "2700+10"]

1. e4 e6 2. d4 d5 3. e5 c5 4. c3 Nc6 5. Nf3 Qb6 6. a3 Nge7 7. b4 cxd4 8.
cxd4 Nf5 9. Bb2 a5 10. b5 Na7 11. a4 Bd7 12. Bd3 Bb4+ 13. Nbd2 Rc8 14. Bxf5
exf5 15. O-O O-O 16. Ba3 Bxa3 17. Rxa3 Rc7 18. Nb3 Rc3 19. Ra1 Qc7 20. Rc1
b6 21. Nfd2 Rc8 22. f4 Kf8 23. Qh5 h6 24. Qd1 Ke7 25. Qh5 Qd8 26. Qe2 R8c7
27. Rxc3 Rxc3 28. Rc1 Qc7 29. Qd1 Nc8 30. Nf3 Ke6 31. Nc5+ bxc5 32. Rxc3 c4
33. Ne1 Qd8 34. Rg3 g6 35. Qd2 Ne7 36. Qb2 Qb6 37. Rh3 Ng8 38. Nc2 Ke7 39.
Qa3+ Ke8 40. Qc5 Qxc5 41. dxc5 Kd8 42. Nd4 Kc7 43. Kf2 h5 44. Ke2 Ne7 45.
Kd2 Bc8 46. Kc3 Be6 47. Rf3 Bc8 48. h3 Bd7 49. Re3 Be6 50. g3 Bd7 51. e6
fxe6 52. Nxe6+ Bxe6 53. Rxe6 Kd7 54. Ra6 Kc7 55. Rxa5 Kb7 56. Ra6 Kc7 57.
a5 Kb7 58. Re6 Nc8 59. Rxg6 Na7 60. c6+ { Black forfeits on time } 1-0

[Event "ICC tourney 2500 (45 10)"]
[Site "Internet Chess Club"]
[Date "2021.04.10"]
[Round "3"]
[White "VALE CRUZ, ARMIN:trucker"]
[Black "Sun, Ethan:ethansun188"]
[Result "1-0"]
[ICCResult "Black checkmated"]
[WhiteElo "1664"]
[BlackElo "1456"]
[Opening "Ruy Lopez: Anderssen variation"]
[ECO "C77"]
[NIC "RL.12"]
[Time "16:01:41"]
[PlyCount "141"]
[TimeControl "2700+10"]

1. e4 e5 2. Nf3 Nc6 3. Bb5 a6 4. Ba4 Nf6 5. d3 d6 6. c3 Be7 7. O-O b5 8.
Bc2 O-O 9. Nbd2 Bd7 10. Re1 Re8 11. Nf1 h6 12. Ng3 Bf8 13. a4 Rb8 14. h3 b4
15. d4 bxc3 16. bxc3 exd4 17. cxd4 Nb4 18. Bb3 a5 19. Bd2 c6 20. e5 Nfd5
21. Ne4 dxe5 22. Nxe5 Be6 23. Rc1 Qb6 24. Bxd5 cxd5 25. Nc5 Bxc5 26. Rxc5
Rbc8 27. Be3 Qa6 28. Qh5 Rxc5 29. dxc5 Nc2 30. Rc1 Nxe3 31. fxe3 Rc8 32.
Qd1 f6 33. Ng6 Qa7 34. Qd4 Bf7 35. Nf4 Qb7 36. g4 Qc6 37. Ne2 Rb8 38. Qf4
Rd8 39. Nd4 Qxa4 40. Qc7 Re8 41. Nf5 Qe4 42. Re1 Qe6 43. Qxa5 Qc6 44. Qa7
Qe6 45. c6 Kf8 46. Rc1 g6 47. Qc5+ Kg8 48. Nd6 Rf8 49. c7 Qe5 50. Kg2 Qb2+
51. Rc2 Qe5 52. c8=Q Rxc8 53. Qxc8+ Kg7 54. Qd7 Qe6 55. Rc7 Qxd7 56. Rxd7
h5 57. Rxf7+ Kh6 58. Rxf6 hxg4 59. h4 Kh5 60. Kg3 d4 61. exd4 g5 62. Rf5
Kh6 63. Rxg5 Kh7 64. Kxg4 Kh8 65. Ne8 Kh7 66. d5 Kh6 67. d6 Kh7 68. d7 Kh6
69. d8=Q Kh7 70. Nf6+ Kh6 71. Qh8# { Black checkmated } 1-0

[Event "ICC tourney 2500 (45 10)"]
[Site "Internet Chess Club"]
[Date "2021.04.10"]
[Round "4"]
[White "SAHNI, HARTEJ:hartej"]
[Black "ATLURI, PRATHIK:ChessStar22"]
[Result "1-0"]
[ICCResult "Black checkmated"]
[WhiteElo "1527"]
[BlackElo "1379"]
[Opening "Caro-Kann: exchange variation"]
[ECO "B13"]
[NIC "CK.02"]
[Time "18:31:16"]
[PlyCount "111"]
[TimeControl "2700+10"]

1. e4 c6 2. d4 d5 3. exd5 cxd5 4. Nf3 Nf6 5. Bd3 Nc6 6. c3 Bg4 7. Be2 e6 8.
Bg5 Be7 9. Nbd2 h6 10. Bh4 Nh5 11. Bxe7 Qxe7 12. h3 Bxf3 13. Bxf3 Nf6 14.
O-O O-O 15. Re1 Rfe8 16. a4 a6 17. Nf1 Qd7 18. Nh2 Qc7 19. Ng4 Nxg4 20.
Bxg4 e5 21. dxe5 Rxe5 22. Rxe5 Qxe5 23. Bf3 Rd8 24. Qe1 Qxe1+ 25. Rxe1 Kf8
26. Rd1 Ne7 27. c4 d4 28. Bxb7 Rb8 29. Bxa6 Rxb2 30. Rxd4 f6 31. Bb5 Rb1+
32. Kh2 Rf1 33. Rf4 Kf7 34. a5 g5 35. Rf3 Ra1 36. a6 Nc8 37. Rd3 Ke7 38.
Rd7+ Ke6 39. Rc7 Nd6 40. Rb7 Nxb5 41. cxb5 Kd6 42. a7 Kc5 43. b6 Kc6 44.
Rb8 h5 45. a8=Q+ Rxa8 46. Rxa8 Kxb6 47. Rf8 Kc7 48. Rxf6 g4 49. hxg4 hxg4
50. Kg3 Kd7 51. Kxg4 Ke7 52. Kf5 Ke8 53. Ke6 Kd8 54. Kd6 Ke8 55. f4 Kd8 56.
Rf8# { Black checkmated } 1-0